 Dungeon Crawl Stone Soup version 0.31-a0-408-gb642c7f9a3 (webtiles) character file.

Game seed: 8151764159586645565

2520 Lorrdernie the Grappler (level 9, -4/64 HPs)
             Began as a Black Draconian Shapeshifter on July 30, 2023.
             Was a Follower of Dithmenos.
             Succumbed to a kobold brigand's curare-tipped dart
             ... on level 6 of the Dungeon.
             The game lasted 00:11:22 (5752 turns).

Lorrdernie the Grappler (DrSh)                      Turns: 5752, Time: 00:11:23

Health: -4/64      AC:  7    Str: 17    XL:     9   Next: 29%
Magic:  9/9        EV: 12    Int: 13    God:    Dithmenos [*.....]
Gold:   342        SH:  5    Dex: 12    Spells: 6/8 levels left

rFire   . .          .
                       - Unarmed
rCold   . . .        (no shield)
rNeg    . . .        (body armour unavailable)
rPois   .            (helmet currently unavailable)
rElec   +            (cloak currently unavailable)
rCorr   .            g - melded +2 pair of gloves
SInv    .            (boots currently unavailable)
Will    +....        a - amulet of reflection
Stlth   +++          m - ring of willpower
HPRegen 0.30/turn    (no ring)
MPRegen 0.11/turn

%: reflection
@: lethally poisoned (-4 -> -27), beast-form, slowed, wreathed by umbra, very
slow
A: beast (slay +4), breathe lightning, AC +7, unfitting armour, electricity
resistance, cold-blooded
a: Breathe Lightning, Begin Untransformation, Renounce Religion


You were on level 6 of the Dungeon.
You worshipped Dithmenos.
Dithmenos was aware of your devotion.
You were a hulking beast.
You visited 1 branch of the dungeon, and saw 7 of its levels.

You collected 342 gold pieces.

Inventory:

Missiles
 c - 6 boomerangs (quivered)
Armour
 g - a +2 pair of gloves (melded)
Jewellery
 a - an amulet of reflection (around neck)
 m - a ring of willpower (left hand)
Talismans
 b - a beast talisman
 i - a maw talisman
Wands
 v - a wand of roots (9)
Scrolls
 l - 3 scrolls of identify
 p - a scroll of poison
 r - a scroll of vulnerability {unknown}
 t - a scroll of brand weapon {unknown}
 u - a scroll of teleportation {unknown}
Potions
 d - a potion of brilliance
 f - 2 potions of magic
 j - 2 potions of enlightenment
 n - a potion of resistance
 q - a potion of invisibility
 s - a potion of heal wounds


   Skills:
 - Level 1.4 Fighting
 + Level 3.2 Dodging
 - Level 4.0 Stealth
 * Level 9.2 Unarmed Combat
 * Level 7.0 Shapeshifting


You had 6 spell levels left.
You knew the following spells:

 Your Spells              Type           Power      Damage    Failure   Level
a - Blink                 Tloc           0%         N/A       43%         2

Your spell library contained the following spells:

 Spells                   Type           Power      Damage    Failure   Level
 Kiss of Death            Conj/Necr      0%         2d5       30%         1
 Sting                    Tmut/Pois      0%         1d3       30%         1
 Ensorcelled Hibernation  Hex/Ice        0%         N/A       43%         2
 Passwall                 Tmut/Erth      0%         N/A       43%         2
 Poisonous Vapours        Pois/Air       0%         N/A       43%         2
 Confusing Touch          Hex            0%         N/A       67%         3
 Dazzling Flash           Conj/Hex       0%         N/A       67%         3
 Ozocubu's Armour         Ice            0%         N/A       67%         3
 Swiftness                Air            0%         N/A       67%         3
 Vhi's Electric Charge    Tloc/Air       0%         N/A       67%         3
 Volatile Blastmotes      Fire/Tloc      0%         2d10      67%         3
 Dispel Undead            Necr           0%         3d6       97%         4
 Olgreb's Toxic Radiance  Pois           0%         N/A       97%         4
 Metabolic Englaciation   Hex/Ice        0%         N/A       100%        5
 Dispersal                Tloc           0%         N/A       100%        6
 Simulacrum               Ice/Necr       0%         N/A       100%        6
 Starburst                Conj/Fire      0%         6d3       100%        6
 Maxwell's Capacitive Co  Air            0%         ∞         100%        8


Dungeon Overview and Level Annotations

Branches:
Dungeon (7/15)
 Temple: D:4-7

Altars:
Cheibriados
Dithmenos
Elyvilon
Nemelex Xobeh
Qazlal
Vehumet

Shops:
D:5 *

Annotations:
D:5 3 runed translucent doors, pigah's ghost, amateur OpSh
D:7 mandoloar's ghost, novice OpSh


Innate Abilities, Weirdness & Mutations

You are a hulking beast.
Your limbs bulge with bestial killing power. (Slay +4)
You can breathe wild blasts of lightning.
Your glossy black scales are hard. (AC +7)
You cannot fit into any form of body armour.
You are resistant to electric shocks. (rElec)
You are cold-blooded and may be slowed by cold attacks.


Message History

Your Unarmed Combat skill increases to level 9!
Your Shapeshifting skill increases to level 7!
Things that are here:
a +0 war axe; +0 steam dragon scales; the human corpse of Maggie
Things that are here:
a +0 war axe; +0 steam dragon scales; the human corpse of Maggie Mandoloar's ghost shrieks, "You will join me soon!"
The shadow imp grins evilly.
You start resting.
You have got your breath back.
You start resting.
A kobold brigand comes into view.
It is wielding a +0 short sword and quivering curare-tipped darts.
Throw: 6 boomerangs
Press: ? - help, Q - select action, (/) - cycle Shift-Dir - straight line, f - kobold brigand
Aim: a kobold brigand, wielding a +0 short sword and quivering curare-tipped darts (wandering, hasn't noticed you, 53% to hit)
You throw a boomerang.
The boomerang closely misses the kobold brigand.
The kobold brigand shouts!
You hear a shout!
The kobold brigand throws a curare-tipped dart.
The curare-tipped dart hits you.
You are poisoned.
You have difficulty breathing.
You feel yourself slow down.
You are too injured to fight recklessly!
You are too injured to fight recklessly!
Unknown command.
* * * LOW HITPOINT WARNING * * *
You feel extremely sick.
There is a stone staircase leading up, spattered with blood here.
Unknown command.
* * * LOW HITPOINT WARNING * * *
You feel very sick.
The kobold brigand throws a curare-tipped dart.
The curare-tipped dart hits you.
You are lethally poisoned!
You have difficulty breathing.
* * * LOW HITPOINT WARNING * * *
You feel as though you will be slow longer.
You climb upwards.
You die...

#....g.###......#### #..# #.#
##..##.###.........###..###.#
#.....................###..#
##....#..[..##.....###.###.##
.......g#..........###.#...#
............##.......#.....##
#########...##......).......##
#.#.#.....#.##...............#
.#.#......#..#..h............#
.#8#.8...###()(..............#
.#.#...#######...............#
#.#.###.##...................#
.###.8.##......<............##
#.#.###.#............#.....##
.#.#...##..........#########
.#8#.8.............#
.#.#..............##


There were no monsters in sight!

Vanquished Creatures
  Maggie (D:7)
  Prince Ribbit (D:6)
  A water moccasin (D:5)
  2 sky beasts
  2 ice beasts
  A black bear (D:6)
  2 ogres
  2 centaurs
  A kobold brigand (D:6)
  A phantom (D:5)
  2 bullfrogs
  A gnoll sergeant (D:6)
  3 scorpions
  6 killer bees (D:7)
  A jelly (D:7)
  A hound (D:6)
  An iron imp (D:5)
  5 iguanas
  4 adders
  4 gnolls (D:6)
  A white imp (D:6)
  2 ufetubi (D:4)
  2 worms (D:2)
  3 dart slugs
  8 orcs
  10 endoplasms
  2 giant cockroaches
  5 goblins
  4 hobgoblins (D:1)
  7 jackals
  9 kobolds
  2 quokkas
  4 ball pythons
  7 bats
  7 frilled lizards
  A rat (D:1)
116 creatures vanquished.

Notes
Turn   | Place    | Note
-------+----------+-------------------------------------------
     0 | D:1      | Lorrdernie the Draconian Shapeshifter began the quest for
                  | the Orb.
     0 | D:1      | Reached XP level 1. HP: 16/16 MP: 1/1
     6 | D:1      | Noticed a hog
     6 | D:1      | Noticed a lindwurm
     7 | D:1      | Noticed a seven-headed hydra
     7 | D:1      | Noticed a polar bear
   162 | D:1      | Reached XP level 2. HP: 23/23 MP: 2/2
   471 | D:1      | Found a faded altar of an unknown god.
   519 | D:1      | Reached XP level 3. HP: 27/28 MP: 3/3
  1172 | D:2      | Got the Incunable of Loss
  1183 | D:2      | Learned a level 2 spell: Blink
  1239 | D:2      | Reached skill level 4 in Unarmed Combat
  1489 | D:2      | Reached XP level 4. HP: 35/35 MP: 4/4
  1612 | D:3      | Found a stormy altar of Qazlal.
  2171 | D:3      | Found a shadowy altar of Dithmenos.
  2182 | D:3      | Became a worshipper of Dithmenos the Shadowed
  2223 | D:4      | Found a radiant altar of Vehumet.
  2542 | D:4      | Reached XP level 5. HP: 40/40 MP: 5/5
  2867 | D:5      | Entered Level 5 of the Dungeon
  3011 | D:5      | Found a sparkling altar of Nemelex Xobeh.
  3011 | D:5      | Noticed a phantom
  3113 | D:5      | Found a snail-covered altar of Cheibriados.
  3124 | D:5      | Killed a phantom
  3125 | D:5      | Reached skill level 5 in Unarmed Combat
  3159 | D:5      | Noticed an ogre
  3163 | D:5      | Noticed a water moccasin
  3168 | D:5      | Killed an ogre
  3169 | D:5      | Reached XP level 6. HP: 27/47 MP: 6/6
  3181 | D:5      | Killed a water moccasin
  3182 | D:5      | Reached skill level 6 in Unarmed Combat
  3572 | D:5      | Found Qeocvael's Gadget Gallery.
  3625 | D:5      | Your scales start taking on a glossy black colour.
  3625 | D:5      | Reached XP level 7. HP: 47/52 MP: 7/7
  3625 | D:5      | Gained mutation: You are resistant to electric shocks.
                  | (rElec) [Black Draconian growth]
  3677 | D:5      | Found a white marble altar of Elyvilon.
  3853 | D:5      | Found a runed translucent gate.
  3853 | D:5      | Found a runed translucent gate.
  3853 | D:5      | Found a runed translucent gate.
  4107 | D:5      | Noticed pigah's ghost (amateur OpSh)
  4177 | D:6      | Reached skill level 7 in Unarmed Combat
  4248 | D:6      | Reached * piety under Dithmenos
  4293 | D:6      | Noticed Prince Ribbit
  4321 | D:6      | HP: 2/52 [gnoll/+0 whip[a gnoll sergeant] (5)]
  4347 | D:6      | HP: 2/52 [gnoll/+0 whip[a gnoll sergeant] (3)]
  4555 | D:6      | Reached skill level 1 in Stealth
  4555 | D:6      | Reached skill level 5 in Shapeshifting
  4878 | D:6      | Reached XP level 8. HP: 55/59 MP: 8/8
  5031 | D:6      | Killed Prince Ribbit
  5032 | D:6      | Reached skill level 8 in Unarmed Combat
  5353 | D:7      | Reached XP level 9. HP: 21/64 MP: 9/9
  5618 | D:7      | Noticed mandoloar's ghost (novice OpSh)
  5717 | D:7      | Noticed Maggie
  5730 | D:7      | Killed Maggie
  5731 | D:7      | Reached skill level 9 in Unarmed Combat
  5752 | D:6      | Succumbed to a kobold brigand's curare-tipped dart

Illustrated notes

Levels and vault maps discovered:
D:1:      onia_arrival_zoo_common, layout_basic,
          hellmonk_ecumenical_altar_pennies_from_heaven, dk_noncrumbling_4,
          serial_park_tiny_1
D:2:      cheibrodos_helix_gallery, layout_basic, minmay_gold_behind_fungi,
          wander_ebering_terrifying_dragon_lair
D:3:      layout_rooms, grunt_dithmenos_smoke, nicolae_overflow_hidden_temple
D:4:      layout_loops_ring, vehumet_crystals
D:5:      layout_basic, mainiacjoe_overflow_24_doors, slow_altar_1,
          lemuel_tele_altar, gammafunk_ghost_icy, nicolae_shop_gadgets
D:6:      layout_rooms, nicolae_twisty_statue_hallways, uniq_prince_ribbit1
D:7:      layout_basic, amcnicky_altar_gilded,
          nicolae_overflow_quartered_altars, minmay_temple_entry_mist,
          gammafunk_ghost_arena, serial_shops, shop, uniq_maggie, uniq_duvessa

Skill      XL: |  1  2  3  4  5  6  7  8  9 |
---------------+----------------------------+-----
Unarmed Combat | 4 5 6 7 8 9 |  9.2
Shapeshifting  | 4 5 6 7 |  7.0
Stealth        | 2 4 |  4.0
Dodging        | 2 3 |  3.2
Fighting       | |  1.4

Action                     |  1- 3 |  4- 6 |  7- 9 || total
---------------------------+-------+-------+-------++-------
  Melee: Unarmed           |   100 |   103 |   173 ||   376
         Tailslap          |    10 |     8 |    21 ||    39
         Punch             |     3 |     2 |     7 ||    12
  Throw: Boomerang         |       |       |     4 ||     4
Ability: Begin Untransform |     2 |       |       ||     2
         Breathe Lightning |       |       |     3 ||     3
    Use: Potion            |       |     1 |     4 ||     5
         Scroll            |       |       |     9 ||     9
   Stab: Sleeping          |     1 |       |     1 ||     2
 Armour: Skin              |    29 |    38 |    30 ||    97
  Dodge: Dodged            |    53 |    56 |    79 ||   188
  Block: Other             |       |       |    43 ||    43
         Reflection        |       |       |     3 ||     3
   Form: Beast             |     2 |       |     1 ||     3
         Maw               |       |       |     1 ||     1

Table legend: (Time is in decaauts)
 A = Elapsed time spent in this place.
 B = Non-inter-level travel time spent in this place.
 C = Inter-level travel time spent in this place.
 D = Time resting spent in this place.
 E = Time spent auto-exploring this place.
 F = Levels seen in this place.
 G = Mean time per level.
                   A        B        C        D        E       F      G
               +--------+--------+--------+--------+--------+-----+--------+
         Total |   5715 |   5506 |    209 |    987 |   3560 |   7 |  816.4 |
       Dungeon |   5715 |   5506 |    209 |    987 |   3560 |   7 |  816.4 |
               +--------+--------+--------+--------+--------+-----+--------+

Top non-repeatable levels by time:
     D:5: 1464 daAuts
     D:6: 1143 daAuts
     D:1: 794 daAuts
     D:2: 778 daAuts
     D:4: 659 daAuts
     D:3: 625 daAuts
     D:7: 249 daAuts
